 Dungeon Crawl Stone Soup version 0.27.1-34-g3ba077fa99 (webtiles) character file.

Game seed: 12195104616074694120

1456 Delamore the Covert (level 8, -9/50 HPs)
             Began as an Octopode Brigand on Feb 10, 2022.
             Was an Initiate of Gozag.
             Mangled by an ogre (15 damage)
             ... in the Ecumenical Temple.
             The game lasted 00:07:17 (6533 turns).

Delamore the Covert (Octopode Brigand)              Turns: 6533, Time: 00:07:18

Health: -9/50      AC:  1    Str: 10    XL:     8   Next: 76%
Magic:  8/8        EV: 13    Int: 16    God:    Gozag
Gold:   162        SH:  8    Dex: 16    Spells: 5/7 levels left

rFire    . . .     SeeInvis .   n - +1 dagger (vamp)
rCold    + . .     Faith    .   l - +3 buckler of the Other Side {rPois rC+ Int+3}
rNeg     . . .     Spirit   .   (helmet restricted)
rPois    +         Reflect  .   (no amulet)
rElec    .         Harm     .   (no ring)
rCorr    .         Rampage  .   (no ring)
Will     .....                  (no ring)
Stlth    +++++.....             (no ring)
HPRegen  0.16/turn              (no ring)
MPRegen  0.11/turn              (no ring)
                                (no ring)
                                (no ring)

@: no status effects
A: almost no armour, amphibious, 8 rings, camouflage 1, gelatinous body 1,
(nimble swimmer 1), tentacles
a: Renounce Religion, Potion Petition, Call Merchant, Bribe Branch


You were in the Ecumenical Temple.
You worshipped Gozag.
Gozag was aware of your devotion.
You visited 2 branches of the dungeon, and saw 7 of its levels.

You collected 486 gold pieces.
You spent 174 gold pieces at shops.
You paid 150 gold pieces to Gozag.

Inventory:

Hand Weapons
 a - a +2 dagger
 n - a +1 vampiric dagger (weapon)
 v - a +0 dagger of venom
 w - a +0 rapier
Missiles
 b - 7 poisoned darts (quivered)
 c - 2 curare-tipped darts
 f - 10 boomerangs
 h - 4 javelins
 i - 8 datura-tipped darts
Armour
 l - the +3 buckler of the Other Side (worn) {rPois rC+ Int+3}
   (You acquired it on level 4 of the Dungeon)

   Int:       It affects your intelligence (+3).
   rC:        It protects you from cold.
   rPois:     It protects you from poison.
Jewellery
 y - an amulet of faith
Wands
 g - a wand of acid (5)
 t - a wand of charming (9)
Scrolls
 k - a scroll of vulnerability
 p - a scroll of immolation
 q - a scroll of teleportation
 r - 3 scrolls of magic mapping {unknown}
 s - a scroll of fear {unknown}
 u - a scroll of blinking
Potions
 d - a potion of heal wounds {unknown}
 e - 2 potions of attraction {unknown}
 j - a potion of cancellation {unknown}
 m - a potion of haste {unknown}
 o - 2 potions of lignification {unknown}
 x - a potion of curing


   Skills:
 - Level 2.0 Fighting
 + Level 6.6 Short Blades
 - Level 2.0 Throwing
 - Level 1.0 Dodging
 - Level 10.0 Stealth
 - Level 4.0 Shields
 + Level 4.4 Evocations


You had 5 spell levels left.
You knew the following spells:

 Your Spells              Type           Power      Damage    Failure   Level
a - Blink                 Tloc           N/A        N/A       36%         2

Your spell library contained the following spells:

 Spells                   Type           Power      Damage    Failure   Level
 Corpse Rot               Necr/Air       N/A        N/A       36%         2
 Poisonous Vapours        Pois/Air       0%         N/A       36%         2
 Dazzling Flash           Conj/Hex       0%         N/A       58%         3
 Lesser Beckoning         Tloc           0%         N/A       58%         3
 Stone Arrow              Conj/Erth      0%         3d7       58%         3
 Tukima's Dance           Hex            0%         N/A       58%         3
 Passage of Golubria      Tloc           N/A        N/A       94%         4
 Agony                    Necr           0%         N/A       100%        5
 Freezing Cloud           Conj/Ice/Air   0%         6-21      100%        5
 Manifold Assault         Tloc           0%         N/A       100%        5
 Silence                  Hex/Air        0%         N/A       100%        5
 Yara's Violent Unravell  Hex/Tmut       0%         3d3       100%        5
 Lehudib's Crystal Spear  Conj/Erth      0%         10d2      100%        8
 Animate Armour           Summ/Erth      Unusable   N/A       N/A         4

Dungeon Overview and Level Annotations

Branches:
Dungeon (6/15)             Temple (1/1) D:6

Altars:
Ashenzari
Dithmenos
Elyvilon
Gozag
Kikubaaqudgha
Makhleb
Qazlal
Ru
Sif Muna
Uskayaw
Vehumet
Wu Jian
Yredelemnul
Zin
The Shining One

Shops:
D:4 ?


Innate Abilities, Weirdness & Mutations

You cannot wear most types of armour.
You are amphibious.
You can wear up to eight rings at the same time.
Your skin changes colour to match your surroundings (Stealth+).
Your rubbery body absorbs attacks. (AC +1, EV +1)
((You are camouflaged near water. (Stealth+)))
You have tentacles for arms and can constrict up to eight enemies at once.


Message History

You squeeze the wight, but do no damage.
The wight is severely damaged.
You constrict the wight. You block the wight's attack.
You block the ogre's attack.
You barely miss the wight.
The wight is almost destroyed.
You constrict the wight. The wight hits you with a +2 scimitar!
You are too injured to fight recklessly!
You are too injured to fight recklessly!
You are too injured to fight recklessly!
You are too injured to fight recklessly!
You release your grip on the wight.
Things that are here:
9 gold pieces; a +4 battleaxe; a +0 robe
There is a staircase to the Ecumenical Temple here.
You block the ogre's attack.
You climb downwards.
Welcome back to the Ecumenical Temple!
There is a staircase back to the Dungeon here.
You hit the ogre but do no damage. You squeeze the ogre!
The ogre is moderately wounded.
You hit the ogre.
You feel better.
The ogre is moderately wounded.
The ogre closely misses you.
You hit the ogre.
You feel better.
Your squeeze misses the ogre.
The ogre is heavily wounded.
You hit the ogre.
The ogre is heavily wounded.
You block the ogre's attack.
You hit the ogre.
The ogre is severely wounded.
You hit the ogre but do no damage.
The ogre is severely wounded.
The ogre hits you with a +0 giant spiked club!!
Ouch! That really hurt!
* * * LOW HITPOINT WARNING * * *
You barely miss the ogre.
The ogre is severely wounded.
The ogre hits you with a +0 giant spiked club!
You die...
Your body crumbles into a pile of gold.

≈≈...#...#...§≈§##
≈.._.8...8._..§§≈#
......._.......§≈#
._..............≈##
.................≈##
..............._§.§#
................§≈##
...............8###
.......@.........#
_......O......_..§#
.................##
...............8##
.................
..............._..
...............
............._§
......._......§


You could see an ogre.

Vanquished Creatures
  Prince Ribbit (D:5)
  Menkaure (D:5)
  A sky beast (D:5)
  2 centaurs (D:6)
  3 ogres
  A phantom (D:5)
  A scorpion (D:5)
  2 wights (D:6)
  2 jellies (D:6)
  An orc priest (D:4)
  A hound (D:5)
  Jessica (D:3)
  An iguana (D:5)
  Ijyb (D:3)
  An orc wizard (D:4)
  A hound skeleton (D:4)
  A gnoll (D:1)
  10 adders
  A worm (D:2)
  12 orcs
  3 endoplasms
  5 giant cockroaches
  9 goblins
  15 hobgoblins
  3 jackals (D:1)
  3 kobolds
  4 quokkas
  10 ball pythons
  3 bats (D:2)
  5 frilled lizards
  5 rats
110 creatures vanquished.

Notes
Turn   | Place    | Note
-------+----------+-------------------------------------------
     0 | D:1      | Delamore the Octopode Brigand began the quest for the Orb.
     0 | D:1      | Reached XP level 1. HP: 14/14 MP: 1/1
   140 | D:1      | Reached XP level 2. HP: 19/19 MP: 2/2
   243 | D:1      | Reached skill level 6 in Stealth
   259 | D:1      | Reached XP level 3. HP: 17/24 MP: 3/3
   740 | D:1      | Found a faded altar of an unknown god.
  1425 | D:2      | Reached skill level 7 in Stealth
  1425 | D:2      | Reached XP level 4. HP: 17/29 MP: 4/4
  2460 | D:2      | Reached XP level 5. HP: 34/34 MP: 5/5
  2900 | D:3      | Noticed Jessica
  2903 | D:3      | Noticed Ijyb
  2904 | D:3      | Killed Jessica
  2907 | D:3      | Killed Ijyb
  2908 | D:3      | Reached skill level 8 in Stealth
  3649 | D:4      | Reached XP level 6. HP: 39/39 MP: 6/6
  3735 | D:4      | Found a white marble altar of Elyvilon.
  3739 | D:4      | Found a shadowy altar of Dithmenos.
  3931 | D:4      | Reached skill level 9 in Stealth
  3997 | D:4      | Found Elle's Magic Scroll Boutique.
  4016 | D:4      | Bought a scroll of teleportation for 36 gold pieces
  4016 | D:4      | Bought a scroll of blinking for 90 gold pieces
  4016 | D:4      | Bought a scroll of identify for 24 gold pieces
  4016 | D:4      | Bought a scroll of identify for 24 gold pieces
  4463 | D:4      | Identified the +1 long sword of Skirmishing {vorpal, Will+
                  | rCorr}
  4465 | D:4      | Identified a scroll of acquirement
  4466 | D:4      | Acquired the +3 buckler of the Other Side {rPois rC+ Int+3}
  4475 | D:5      | Entered Level 5 of the Dungeon
  4508 | D:5      | Noticed a sky beast
  4513 | D:5      | Killed a sky beast
  4523 | D:5      | Noticed Prince Ribbit
  4529 | D:5      | Reached skill level 1 in Shields
  4758 | D:5      | Reached XP level 7. HP: 45/45 MP: 7/7
  4894 | D:5      | Noticed Menkaure
  4900 | D:5      | Killed Menkaure
  4901 | D:5      | Reached skill level 10 in Stealth
  4944 | D:5      | Reached skill level 5 in Short Blades
  5046 | D:5      | Found a stormy altar of Qazlal.
  5060 | D:5      | Reached skill level 1 in Evocations
  5160 | D:5      | Killed Prince Ribbit
  5161 | D:5      | Reached XP level 8. HP: 15/50 MP: 8/8
  5775 | D:6      | Found a hide-covered altar of Uskayaw.
  5813 | D:6      | Learned a level 2 spell: Blink
  5817 | D:6      | HP: 1/50 [ogre (16)]
  6148 | D:6      | Found a burning altar of Makhleb.
  6160 | D:6      | Found a staircase to the Ecumenical Temple.
  6170 | Temple   | Entered the Ecumenical Temple
  6187 | Temple   | Became a worshipper of Gozag Ym Sagoz the Greedy
  6533 | Temple   | Mangled by an ogre

Illustrated notes

Levels and vault maps discovered:
D:1:      nicolae_arrival_washed_ashore, layout_rooms,
          ebering_ecumenical_altar_box
D:2:      cheibrodos_greedy_goblins, layout_basic, minivault_11,
          nrook_loot_triangle
D:3:      layout_loops_ring, uniq_jessica, uniq_ijyb
D:4:      layout_loops_cross, grunt_temple_overflow_open, serial_shops,
          shop_coins, dk_rats_in_the_wall
D:5:      layout_basic, mainiacjoe_overflow_brackets, dk_noncrumbling_4,
          roderic_cross_of_infinity, uniq_prince_ribbit1, uniq_menkaure
D:6:      layout_loops_ring, nemelex_diamond_rough_becter,
          nicolae_uskayaw_murder_on_the_dancefloor,
          mainiacjoe_overflow_boulevard, minmay_temple_entry_drinking_statues,
          minmay_misc_feat_five
Temple:   eino_temple_lava

Skill      XL: |  1  2  3  4  5  6  7  8 |
---------------+-------------------------+-----
Stealth        | 6 7 8 9 10 | 10.0
Short Blades   | 3 4 5 6 |  6.6
Shields        | 1 3 4 |  4.0
Evocations     | 2 4 |  4.4
Fighting       | |  2.0
Throwing       | |  2.0
Dodging        | |  1.0

Action                   |  1- 3 |  4- 6 |  7- 9 || total
-------------------------+-------+-------+-------++-------
Melee: Dagger            |    68 |   118 |    90 ||   276
       Constrict         |    15 |    24 |     9 ||    48
       Tentacles         |     4 |    11 |    17 ||    32
Throw: Dart              |       |       |     5 ||     5
Evoke: Wand              |       |       |     1 ||     1
  Use: Scroll            |       |     6 |       ||     6
       Potion            |       |     1 |     1 ||     2
 Stab: Sleeping          |    16 |    21 |     6 ||    43
Armor: Skin              |     3 |     8 |     2 ||    13
Dodge: Dodged            |    34 |    52 |    23 ||   109
Block: Buckler           |       |     1 |    23 ||    24
